 Dungeon Crawl Stone Soup version 0.31-a0-7-g51783674b7 (webtiles) character file.

Game seed: 12598634298619300693

9114 Pimp the Blocker (level 11, -1/97 HPs)
             Began as a Gnoll Fighter on May 5, 2023.
             Was an Initiate of Ashenzari.
             Slain by a catoblepas (10 damage)
             ... while petrified by a catoblepas
             ... on level 8 of the Dungeon.
             The game lasted 00:20:37 (8422 turns).

Pimp the Blocker (Gnoll Fighter)                    Turns: 8422, Time: 00:20:38

Health: -1/97      AC: 14    Str: 22    XL:     11   Next: 41%
Magic:  20/20      EV:  2    Int: 15    God:    Ashenzari [......]
Gold:   484        SH:  0    Dex: 11    Spells: 23/23 levels left

rFire   + . .        n - +8 trident "Hooziull" {drain, Int+6}
rCold   x . .        c - +0 buckler
rNeg    + + +        b - +0 scale mail
rPois   ∞            e - +1 helmet
rElec   .            (no cloak)
rCorr   .            (no gloves)
SInv    .            g - +2 pair of boots
Will    .....        D - amulet of reflection
Stlth   +++          O - +5 ring of evasion
HPRegen 0.36/turn    H - ring "Utry Veod" {rF+ rC- Str+3 Stlth+}
MPRegen 0.17/turn

%: reflection
@: mighty, petrified, hasted
A: fangs 1, strong nose, distributed training, mutation resistance 1, robust 1
a: Renounce Religion, Curse Item


You were on level 8 of the Dungeon.
You worshipped Ashenzari.
Ashenzari was noncommittal.
You visited 2 branches of the dungeon, and saw 10 of its levels.
You also visited: Sewer and Ossuary.

You collected 484 gold pieces.

Inventory:

Hand Weapons
 a - a +1 war axe
 n - the +8 trident "Hooziull" (weapon) {drain, Int+6}
   (You acquired it on level 3 of the Dungeon)

   Int:       It affects your intelligence (+6).
 G - the +5 quarterstaff "Lacertilianbane" {venom, Str+3}
   (You found it on level 5 of the Dungeon)

   Str:       It affects your strength (+3).
Missiles
 i - 3 atropa-tipped darts
Armour
 b - a +0 scale mail (worn)
 c - a +0 buckler (worn)
 e - a +1 helmet (worn)
 g - a +2 pair of boots (worn)
Magical Staves
 C - the staff of air "Ehoggo" {Contam *Corrode rElec rN+ Dex+7}
   (You found it in a sewer)

   [staff of air]

   Base accuracy: +5 Base damage: 5 Base attack delay: 1.2 This weapon's minimum
   attack delay (0.6) is reached at skill level 12.
   Dex:       It affects your dexterity (+7).
   rElec:     It insulates you from electricity.
   rN:        It protects you from negative energy.
   Contam:    It causes magical contamination when unequipped.
   *Corrode:  It may corrode you when you take damage.
   It falls into the 'Staves' category.
   It is a one-handed weapon.
Jewellery
 k - a +4 ring of protection
 D - an amulet of reflection (around neck)
 F - a ring of flight
 H - the ring "Utry Veod" (right hand) {rF+ rC- Str+3 Stlth+}
   (You found it on level 5 of the Dungeon)

   [ring of protection from fire]

   Str:       It affects your strength (+3).
   rF:        It protects you from fire.
   rC:        It makes you vulnerable to cold.
   Stlth:     It makes you more stealthy.
 K - a ring of wizardry
 O - a +5 ring of evasion (left hand)
 P - a ring of magical power
 Q - a +6 ring of intelligence
Wands
 J - a wand of charming (7)
 L - a wand of digging (2)
Scrolls
 j - 2 scrolls of enchant weapon
 l - 2 scrolls of poison
 q - 2 scrolls of immolation
 v - a scroll of blinking
 w - 4 scrolls of amnesia
 y - 3 scrolls of magic mapping
 E - a scroll of vulnerability {unknown}
 N - a scroll of identify
Potions
 d - 2 potions of might
 f - a potion of magic {unknown}
 h - 2 potions of lignification
 o - 4 potions of heal wounds
 r - 2 potions of haste
 s - 2 potions of attraction
 t - 2 potions of brilliance {unknown}
 u - a potion of degeneration {unknown}
 x - 3 potions of curing
 z - 5 potions of invisibility
 I - a potion of berserk rage {unknown}
 M - a potion of flight {unknown}


   Skills:
 + Level 9.3 Fighting
 + Level 6.5 Short Blades
 + Level 6.5 Long Blades
 + Level 8.0 Axes
 + Level 6.5 Maces & Flails
 + Level 6.5 Polearms
 + Level 6.5 Staves
 + Level 6.5 Ranged Weapons
 + Level 6.5 Throwing
 + Level 9.3 Armour
 + Level 6.5 Dodging
 + Level 6.5 Stealth
 + Level 9.3 Shields
 + Level 6.5 Unarmed Combat
 + Level 6.5 Spellcasting
 + Level 5.4 Conjurations
 + Level 5.4 Hexes
 + Level 5.4 Summonings
 + Level 5.4 Necromancy
 + Level 5.4 Translocations
 + Level 5.4 Transmutations
 + Level 5.4 Fire Magic
 + Level 5.4 Ice Magic
 + Level 5.4 Air Magic
 + Level 5.4 Earth Magic
 + Level 5.4 Poison Magic
 + Level 7.1 Invocations
 + Level 6.5 Evocations


You had 23 spell levels left.
You didn't know any spells.
Your spell library contained the following spells:

 Spells                   Type           Power      Damage    Failure   Level
 Kiss of Death            Conj/Necr      84%        2d11      4%          1
 Sandblast                Erth           42%        2d11      4%          1
 Passwall                 Tmut/Erth      17%        N/A       6%          2
 Wereblood                Tmut           21%        N/A       6%          2
 Call Canine Familiar     Summ           21%        N/A       12%         3
 Confusing Touch          Hex            21%        N/A       12%         3
 Dazzling Flash           Conj/Hex       42%        N/A       12%         3
 Gell's Gravitas          Tloc           21%        N/A       12%         3
 Inner Flame              Hex/Fire       21%        N/A       12%         3
 Portal Projectile        Hex/Tloc       42%        N/A       12%         3
 Stone Arrow              Conj/Erth      42%        3d9       12%         3
 Teleport Other           Tloc           21%        N/A       12%         3
 Dispel Undead            Necr           21%        3d11      36%         4
 Flame Wave               Conj/Fire      21%        2d8       36%         4
 Leda's Liquefaction      Hex/Erth       10%        N/A       36%         4
 Agony                    Necr           21%        N/A       73%         5
 Alistair's Intoxication  Tmut/Pois      14%        N/A       73%         5
 Silence                  Hex/Air        10%        N/A       73%         5
 Dispersal                Tloc           10%        N/A       99%         6
 Plasma Beam              Fire/Air       10%        2x1d23    99%         6


Dungeon Overview and Level Annotations

Branches:
Dungeon (9/15)             Temple (1/1) D:5           Sewer (visited)
Ossuary (visited)
   Lair: D:8-11         Orc: D:9-12

Altars:
Ashenzari
Cheibriados
Elyvilon
Fedhas
Gozag
Hepliaklqana
Kikubaaqudgha
Makhleb
Nemelex Xobeh
Okawaru
Qazlal
Ru
Sif Muna
Trog
Uskayaw
Vehumet
Xom
Yredelemnul
Zin
The Shining One


Innate Abilities, Weirdness & Mutations

You have very sharp teeth.
Your uncanny sense of smell can sniff out nearby items.
Your experience applies equally to all skills.
You are somewhat resistant to further mutation.
You are robust. (+10% HP)


Message History

You feel yourself slow down.
You feel a little less mighty now.
The catoblepas breathes a plume of calcifying dust at you.
The blast of calcifying dust hits you but does no damage.
You feel yourself speed up.
You are engulfed in calcifying dust.
You are slowing down.
You block the catoblepas's attack.
You feel very mighty all of a sudden.
You are engulfed in calcifying dust.
Your limbs have turned to stone.
You block the catoblepas's attack.
You have turned to stone.
The catoblepas gores you but does no damage.
The catoblepas gores you!! The catoblepas gores you!
The catoblepas breathes a plume of calcifying dust at you.
The blast of calcifying dust hits you but does no damage.
You are engulfed in calcifying dust.
The catoblepas gores you but does no damage.
You are engulfed in calcifying dust.
The catoblepas gores you!
You are engulfed in calcifying dust.
The catoblepas gores you!!
You turn to flesh and can move again.
You puncture the catoblepas! You drain the catoblepas.
The catoblepas is moderately wounded.
You are engulfed in calcifying dust.
You are slowing down.
The catoblepas gores you!
* * * LOW HITPOINT WARNING * * *
You puncture the catoblepas!
The catoblepas is heavily wounded.
You are engulfed in calcifying dust.
Your limbs have turned to stone.
The catoblepas gores you!!
* * * LOW HITPOINT WARNING * * *
You have turned to stone.
You are engulfed in calcifying dust.
The catoblepas gores you but does no damage.
You are engulfed in calcifying dust.
The catoblepas breathes a plume of calcifying dust at you.
The blast of calcifying dust hits you but does no damage.
The catoblepas gores you.
* * * LOW HITPOINT WARNING * * *
The catoblepas gores you!!
You die...

##...........)##.....#....#
#
#'##.........##.....#....###
#.o####......#......'.......
##§§o.###..(.#......#.......
∆#oo....##...#......'.......
∆#..#....#...#......#....[..
#..##...##..#.######.......
...# #...#..#.# #.......
...# #...#@.#.######......[
#######..##Y#.##.....###...
.......#.#.##.#######.##
.......'.#.##...........
########.#.......(..#.##
.........####.#####.#.#
.........###### #.#.#
#.............# #.#.#
#.#.###..####.# #.#.#


You could see a catoblepas (drained).

Vanquished Creatures
  2 two-headed ogres (D:8)
  A tengu warrior (D:8)
  A deep elf pyromancer (D:8)
  A manticore (D:8)
  An unseen horror (D:8)
  A tengu conjurer (D:8)
  Grinder (D:5)
  A hornet (D:8)
  Sigmund (D:5)
  4 steam dragons (D:8)
  Menkaure (D:4)
  The ghost of Aneyh the Poker, an amateur TeMo (D:3)
  7 water moccasins
  2 sky beasts
  3 ice beasts
  3 orc warriors
  2 black bears
  3 ogres
  3 phantoms (D:5)
  5 centaurs
  3 kobold brigands (D:8)
  11 bullfrogs
  2 scorpions
  A killer bee (D:8)
  3 howler monkeys
  3 hounds
  2 jellies
  4 orc priests
  6 iguanas
  3 sleepcaps
  4 orc wizards
  12 mummies (Ossuary)
  Robin (D:3)
  7 gnolls (D:3)
  8 adders
  3 white imps
  3 ufetubi
  A worm (D:3)
  6 dart slugs
  21 orcs
  19 ball pythons
  2 bats (D:3)
  10 endoplasms
  12 giant cockroaches
  15 goblins
  11 hobgoblins
  2 jackals (D:3)
  14 quokkas
  8 frilled lizards
  4 gnoll skeletons (Ossuary)
  2 goblin skeletons (Ossuary)
  7 kobolds
  2 orc skeletons (Ossuary)
  10 rats
  11 rat skeletons (Ossuary)
277 creatures vanquished.

Vanquished Creatures (others)
  An orc (D:6)
  A fungus (D:1)
  2 plants (D:1)
4 creatures vanquished.

Grand Total: 281 creatures vanquished

Notes
Turn   | Place    | Note
-------+----------+-------------------------------------------
     0 | D:1      | Pimp the Gnoll Fighter began the quest for the Orb.
     0 | D:1      | Reached XP level 1. HP: 23/23 MP: 1/1
    80 | D:1      | Reached XP level 2. HP: 29/29 MP: 2/2
   211 | D:1      | Found a faded altar of an unknown god.
   330 | D:1      | Reached XP level 3. HP: 35/35 MP: 3/3
   527 | D:1      | Reached skill level 1 in Invocations
   805 | D:2      | Reached skill level 1 in Short Blades
   805 | D:2      | Reached skill level 1 in Long Blades
   805 | D:2      | Reached skill level 1 in Maces & Flails
   805 | D:2      | Reached skill level 1 in Polearms
   805 | D:2      | Reached skill level 1 in Staves
   805 | D:2      | Reached skill level 1 in Ranged Weapons
   805 | D:2      | Reached skill level 1 in Throwing
   805 | D:2      | Reached skill level 1 in Dodging
   805 | D:2      | Reached skill level 1 in Stealth
   805 | D:2      | Reached skill level 1 in Unarmed Combat
   805 | D:2      | Reached skill level 1 in Spellcasting
   805 | D:2      | Reached skill level 1 in Evocations
   922 | D:2      | Found a shimmering blue altar of Sif Muna.
  1098 | D:2      | Reached XP level 4. HP: 38/41 MP: 5/5
  1544 | D:3      | Noticed Robin
  1551 | D:3      | Identified a scroll of acquirement
  1551 | D:3      | Acquired the Tome of the Transmuted Bonfire
  1611 | D:3      | Found a large runed translucent door.
  1611 | D:3      | Found a large runed translucent door.
  1611 | D:3      | Noticed Aneyh's ghost (amateur TeMo)
  1632 | D:3      | Reached skill level 1 in Conjurations
  1632 | D:3      | Reached skill level 1 in Hexes
  1632 | D:3      | Reached skill level 1 in Summonings
  1632 | D:3      | Reached skill level 1 in Necromancy
  1632 | D:3      | Reached skill level 1 in Translocations
  1632 | D:3      | Reached skill level 1 in Transmutations
  1632 | D:3      | Reached skill level 1 in Fire Magic
  1632 | D:3      | Reached skill level 1 in Ice Magic
  1632 | D:3      | Reached skill level 1 in Air Magic
  1632 | D:3      | Reached skill level 1 in Earth Magic
  1632 | D:3      | Reached skill level 1 in Poison Magic
  1730 | D:3      | Reached XP level 5. HP: 45/47 MP: 5/7
  1736 | D:3      | Killed Robin
  1793 | D:3      | Noticed a black bear
  1824 | D:3      | Killed a black bear
  1825 | D:3      | Reached XP level 6. HP: 41/53 MP: 8/8
  1893 | D:3      | Reached skill level 5 in Axes
  2180 | D:3      | Acquired the +8 trident "Hooziull" {drain, Int+6}
  2301 | D:3      | Killed Aneyh's ghost
  2425 | D:4      | Found a sand-covered staircase.
  2430 | Ossuary  | Entered an ossuary
  2618 | Ossuary  | Reached XP level 7. HP: 60/60 MP: 10/10
  3331 | D:4      | Reached XP level 8. HP: 62/67 MP: 12/12
  3615 | D:4      | Noticed Menkaure
  3627 | D:4      | Killed Menkaure
  3857 | D:5      | Entered Level 5 of the Dungeon
  3857 | D:5      | Found a glowing drain.
  3867 | Sewer    | Entered a sewer
  4112 | Sewer    | Identified the staff of air "Ehoggo" {Contam *Corrode rElec
                  | rN+ Dex+7}
  4361 | D:5      | Reached XP level 9. HP: 46/73 MP: 14/14
  4614 | D:5      | Identified the +5 quarterstaff "Lacertilianbane" {venom,
                  | Str+3}
  4670 | D:5      | Found a staircase to the Ecumenical Temple.
  4684 | D:5      | Identified the ring "Utry Veod" {rF+ rC- Str+3 Stlth+}
  4719 | D:5      | Noticed Sigmund
  4735 | Temple   | Entered the Ecumenical Temple
  4962 | Temple   | Became a worshipper of Ashenzari the Shackled
  5023 | D:5      | Killed Sigmund
  5043 | D:5      | Noticed Grinder
  5064 | D:5      | Killed Grinder
  5444 | D:6      | Reached skill level 5 in Invocations
  5710 | D:6      | Identified the +9 short sword "Qunapytu" {freeze, rF+ rC+
                  | Int-3 SInv}
  6097 | D:6      | Reached skill level 5 in Short Blades
  6097 | D:6      | Reached skill level 5 in Long Blades
  6097 | D:6      | Reached skill level 5 in Maces & Flails
  6097 | D:6      | Reached skill level 5 in Polearms
  6097 | D:6      | Reached skill level 5 in Staves
  6097 | D:6      | Reached skill level 5 in Ranged Weapons
  6097 | D:6      | Reached skill level 5 in Throwing
  6097 | D:6      | Reached skill level 5 in Dodging
  6097 | D:6      | Reached skill level 5 in Stealth
  6097 | D:6      | Reached skill level 5 in Unarmed Combat
  6097 | D:6      | Reached skill level 5 in Spellcasting
  6097 | D:6      | Reached skill level 5 in Evocations
  6151 | D:6      | Reached XP level 10. HP: 78/81 MP: 17/17
  6633 | D:7      | Gained mutation: You are robust. (+10% HP) [potion of
                  | mutation]
  6633 | D:7      | Gained mutation: You are somewhat resistant to further
                  | mutation. [potion of mutation]
  7425 | D:8      | Killed an unseen horror
  7509 | D:8      | Noticed a two-headed ogre
  7512 | D:8      | Noticed a two-headed ogre
  7524 | D:8      | Killed a two-headed ogre
  7545 | D:8      | Killed a two-headed ogre
  7546 | D:8      | Noticed a tengu warrior
  7562 | D:8      | Killed a tengu warrior
  7563 | D:8      | Reached skill level 5 in Conjurations
  7563 | D:8      | Reached skill level 5 in Hexes
  7563 | D:8      | Reached skill level 5 in Summonings
  7563 | D:8      | Reached skill level 5 in Necromancy
  7563 | D:8      | Reached skill level 5 in Translocations
  7563 | D:8      | Reached skill level 5 in Transmutations
  7563 | D:8      | Reached skill level 5 in Fire Magic
  7563 | D:8      | Reached skill level 5 in Ice Magic
  7563 | D:8      | Reached skill level 5 in Air Magic
  7563 | D:8      | Reached skill level 5 in Earth Magic
  7563 | D:8      | Reached skill level 5 in Poison Magic
  7563 | D:8      | Reached XP level 11. HP: 86/97 MP: 18/20
  7609 | D:8      | Noticed a manticore
  7614 | D:8      | Killed a manticore
  7621 | D:8      | Noticed a catoblepas
  8133 | D:8      | Noticed a deep elf pyromancer
  8141 | D:8      | Killed a deep elf pyromancer
  8422 | D:8      | Slain by a catoblepas

Illustrated notes

Levels and vault maps discovered:
D:1:      shiori_arrival_maze, layout_loops_ring,
          shapermc_ecumenical_altar_mp_ritualfount
D:2:      layout_basic, basic_altar
D:3:      layout_rooms, ebering_ghost_disaster_area, glass_columns_a,
          minmay_pentomino_pile, uniq_robin
D:4:      minmay_chambers_of_twos, layout_basic, enter_ossuary_2, uniq_menkaure
D:5:      layout_gridville, minmay_temple_entry_arrows, portal_sewer_entry_a,
          grunt_ministairs_9, uniq_sigmund, uniq_grinder
D:6:      layout_rooms, nicolae_benzene_ring
D:7:      layout_loops_ring
D:8:      minmay_quarter_circles, layout_basic, ebering_dispersal_statue_hall
D:9:      layout_roguey, minmay_lair_entry_grove, serial_corexii_hall,
          corexii_hall_statues_l, chequers_hall_statues_y, serial_shops,
          nicolae_shop_stone, uniq_maurice
Temple:   roderic_octagonal_lattice_temple

Skill      XL: |  1  2  3  4  5  6  7  8  9 10 11 |
---------------+----------------------------------+-----
Invocations    | 1 2 3 4 5 6 7 |  7.1
Short Blades   | 1 2 3 5 6 |  6.5
Long Blades    | 1 2 3 5 6 |  6.5
Maces & Flails | 1 2 3 5 6 |  6.5
Polearms       | 1 2 3 5 6 |  6.5
Staves         | 1 2 3 5 6 |  6.5
Ranged Weapons | 1 2 3 5 6 |  6.5
Throwing       | 1 2 3 5 6 |  6.5
Dodging        | 1 2 3 5 6 |  6.5
Stealth        | 1 2 3 5 6 |  6.5
Unarmed Combat | 1 2 3 5 6 |  6.5
Spellcasting   | 1 2 3 5 6 |  6.5
Evocations     | 1 2 3 5 6 |  6.5
Conjurations   | 1 2 3 4 5 |  5.4
Hexes          | 1 2 3 4 5 |  5.4
Summonings     | 1 2 3 4 5 |  5.4
Necromancy     | 1 2 3 4 5 |  5.4
Translocations | 1 2 3 4 5 |  5.4
Transmutations | 1 2 3 4 5 |  5.4
Fire Magic     | 1 2 3 4 5 |  5.4
Ice Magic      | 1 2 3 4 5 |  5.4
Air Magic      | 1 2 3 4 5 |  5.4
Earth Magic    | 1 2 3 4 5 |  5.4
Poison Magic   | 1 2 3 4 5 |  5.4
Axes           | 5 6 7 8 |  8.0
Fighting       | 7 8 9 |  9.3
Armour         | 7 8 9 |  9.3
Shields        | 7 8 9 |  9.3

Action                     |  1- 3 |  4- 6 |  7- 9 | 10-12 || total
---------------------------+-------+-------+-------+-------++-------
  Melee: War axe           |   111 |    94 |       |       ||   205
         Bite              |     3 |    10 |    26 |    22 ||    61
         Trident           |       |    31 |   315 |   215 ||   561
  Evoke: Wand              |       |       |       |    10 ||    10
    Use: Scroll            |       |     9 |     6 |    13 ||    28
         Potion            |       |       |     2 |     8 ||    10
   Stab: Sleeping          |       |       |     4 |     4 ||     8
         Distracted        |       |       |       |     1 ||     1
 Armour: Scale mail        |    63 |    72 |   152 |    86 ||   373
  Dodge: Dodged            |    50 |    68 |   141 |   142 ||   401
  Block: Buckler           |    24 |    49 |   134 |   121 ||   328
         Reflection        |       |       |     5 |       ||     5

Table legend: (Time is in decaauts)
 A = Elapsed time spent in this place.
 B = Non-inter-level travel time spent in this place.
 C = Inter-level travel time spent in this place.
 D = Time resting spent in this place.
 E = Time spent auto-exploring this place.
 F = Levels seen in this place.
 G = Mean time per level.
                   A        B        C        D        E       F      G
               +--------+--------+--------+--------+--------+-----+--------+
         Total |   8591 |   8356 |    235 |    862 |   5259 |  12 |  715.9 |
       Dungeon |   7331 |   7155 |    176 |    735 |   4642 |   9 |  814.6 |
        Temple |    273 |    214 |     59 |      0 |    192 |   1 |  273.0 |
         Sewer |    346 |    346 |      0 |      0 |    105 |   1 |  346.0 |
       Ossuary |    640 |    640 |      0 |    127 |    320 |   1 |  640.0 |
               +--------+--------+--------+--------+--------+-----+--------+

Top non-repeatable levels by time:
     D:5: 1163 daAuts
     D:8: 1140 daAuts
     D:2: 878 daAuts
     D:3: 876 daAuts
     D:4: 863 daAuts
     D:6: 800 daAuts
     D:7: 751 daAuts
     D:1: 688 daAuts
 Ossuary: 640 daAuts
   Sewer: 346 daAuts
  Temple: 273 daAuts
     D:9: 170 daAuts
